 Dungeon Crawl Stone Soup version 0.19.1-1-g22dce08 (webtiles) character file.

504516 Spawnferkel the Conqueror (level 24, -9/249 HPs)
             Began as a Minotaur Gladiator on Dec 30, 2016.
             Was the Champion of Okawaru.
             Killed from afar by a starcursed mass (14 damage)
             ... with an accursed screaming
             ... while paralysed by accursed screaming
             ... on level 4 of the Abyss on Dec 31, 2016.
             The game lasted 02:40:15 (55937 turns).

Spawnferkel the Conqueror (Minotaur Gladiator)     Turns: 55937, Time: 02:40:16

Health: -9/249     AC: 48    Str: 32    XL:     24   Next: 12%
Magic:  22/22      EV:  2    Int:  6    God:    Okawaru [******]
Gold:   2183       SH:  0    Dex: 25    Spells: 1 memorised, 21 levels left

rFire  + . .     SeeInvis .     a - +5 lajatang (flame)
rCold  + + .     Gourm    .     X - +12 gold dragon scales
rNeg   + . .     Faith    .     (shield currently unavailable)
rPois  +         Spirit   .     s - +0 hat of Midwinter {+Blink rN+}
rElec  +         Reflect  .     G - +1 cloak "Fommu" {rPois Regen+}
rCorr  .         Harm     +     e - +2 pair of gloves {Dex+3}
MR     +....                    L - +0 pair of boots of the Doldrums {rC+ Slay+3 Stlth+} (curse)
Stlth  ..........               O - amulet "Keliet" {Harm *Drain Int+4 Dex+4 Slay+5 Stlth-}
                                P - ring "Zumeukk" {+Blink rElec Int-5 Dex+3}
                                m - +4 ring of strength

@: paralysed, very slightly contaminated, hasted
A: retaliatory headbutt, horns 2, clever 1
a: Heroism, Finesse, Renounce Religion, Evoke Blink
}: 2/15 runes: serpentine, barnacled


You were on level 4 of the Abyss.
You worshipped Okawaru.
Okawaru was exalted by your worship.
You were very hungry.

You visited 9 branches of the dungeon, and saw 43 of its levels.
You visited the Abyss 3 times.
You also visited: Labyrinth, Trove, Ossuary, Ice Cave, Volcano and Wizlab.

You collected 6304 gold pieces.
You spent 4121 gold pieces at shops.

Notes
Turn   | Place    | Note
-------+----------+-------------------------------------------
     0 | D:1      | Spawnferkel the Minotaur Gladiator began the quest for the Orb.
     0 | D:1      | Reached XP level 1. HP: 18/18 MP: 0/0
    99 | D:1      | Reached XP level 2. HP: 23/25 MP: 1/1
   287 | D:1      | Reached skill level 1 in Armour
   432 | D:1      | Reached XP level 3. HP: 30/30 MP: 2/2
  1114 | D:2      | Reached skill level 5 in Staves
  1115 | D:2      | Reached XP level 4. HP: 28/38 MP: 3/3
  1221 | D:2      | Found a basalt altar of Yredelemnul.
  1446 | D:2      | Found a white marble altar of Elyvilon.
  1721 | D:3      | Noticed Terence
  1731 | D:3      | Killed Terence
  1954 | D:3      | Noticed Grinder
  1959 | D:3      | Killed Grinder
  1959 | D:3      | Reached XP level 5. HP: 46/46 MP: 4/4
  1959 | D:3      | Reached XP level 6. HP: 52/52 MP: 5/5
  1982 | D:3      | Noticed Spawnferkel's ghost (amateur MiGl)
  1997 | D:3      | Killed Spawnferkel's ghost
  2261 | D:3      | Noticed Natasha
  2266 | D:3      | Killed Natasha
  2266 | D:3      | Reached XP level 7. HP: 52/60 MP: 6/6
  2291 | D:3      | Noticed Robin
  2325 | D:3      | Killed Robin
  2763 | D:3      | Reached skill level 5 in Fighting
  3112 | D:3      | Noticed Natasha
  3115 | D:3      | Killed Natasha
  3369 | D:4      | Noticed Edmund
  3462 | D:4      | Found a staircase to the Ecumenical Temple.
  3475 | Temple   | Entered the Ecumenical Temple
  3481 | Temple   | Became a worshipper of Warmaster Okawaru
  3625 | D:4      | Found a blossoming altar of Fedhas.
  3626 | D:4      | Found a deep blue altar of Sif Muna.
  3763 | D:4      | Killed Edmund
  4065 | D:4      | Reached skill level 5 in Armour
  4336 | D:4      | Noticed Jessica
  4339 | D:4      | Noticed Menkaure
  4344 | D:4      | Killed Menkaure
  4344 | D:4      | Reached * piety under Okawaru
  4344 | D:4      | Reached XP level 8. HP: 70/70 MP: 7/7
  4348 | D:4      | Killed Jessica
  4355 | D:4      | Found a deep blue altar of Sif Muna.
  4581 | D:5      | Entered Level 5 of the Dungeon
  5028 | D:5      | Found a sparkling altar of Nemelex Xobeh.
  5028 | D:5      | Found a stormy altar of Qazlal.
  5538 | D:6      | Reached skill level 10 in Staves
  5567 | D:6      | Reached ** piety under Okawaru
  5745 | D:6      | Noticed a hill giant
  5764 | D:6      | Killed a hill giant
  5764 | D:6      | Reached XP level 9. HP: 31/80 MP: 8/8
  6420 | D:7      | Reached *** piety under Okawaru
  6595 | D:7      | Received a gift from Okawaru
  6650 | D:7      | Found a sand-covered staircase.
  6730 | Ossuary  | Entered an ossuary
  7572 | D:7      | Reached XP level 10. HP: 90/91 MP: 9/9
  7710 | D:7      | Reached **** piety under Okawaru
  7994 | D:8      | Received a gift from Okawaru
  8002 | D:8      | Noticed a rust devil
  8751 | D:9      | Got a steaming sapphire amulet
  8816 | D:9      | Reached skill level 10 in Fighting
  8824 | D:9      | Identified the amulet "Keliet" {Harm *Drain Int+4 Dex+4 Slay+5 Stlth-} (You found it on level 9 of the Dungeon)
  8855 | D:9      | Found a staircase to the Orcish Mines.
  8896 | D:9      | Reached ***** piety under Okawaru
  9479 | D:9      | Reached XP level 11. HP: 63/101 MP: 10/10
  9767 | D:9      | Reached skill level 10 in Armour
  9785 | D:9      | Found a shadowy altar of Dithmenos.
  9979 | D:9      | Received a gift from Okawaru
 10050 | D:9      | Found a hide-covered altar of Uskayaw.
 10316 | D:10     | Entered Level 10 of the Dungeon
 10699 | D:10     | Found a portal to a secret trove of treasure.
 10810 | D:10     | Found a staircase to the Lair.
 10838 | D:10     | Found Onyguje's Book Emporium.
 10925 | D:10     | Noticed a hill giant
 10931 | D:10     | Killed a hill giant
 10950 | D:10     | Noticed an orc knight
 10955 | D:10     | Killed an orc knight
 10955 | D:10     | Received a gift from Okawaru
 11150 | D:10     | Noticed a six-headed hydra
 11153 | D:10     | Killed a six-headed hydra
 11505 | D:10     | Reached skill level 5 in Dodging
 11557 | D:11     | Noticed Grum
 11589 | D:11     | Killed Grum
 11722 | D:11     | Found Engeybu's Antique Weapon Shoppe.
 11760 | D:11     | Noticed Fannar
 11776 | D:11     | Killed Fannar
 11981 | D:11     | Found a frozen archway.
 12003 | IceCv    | Entered an ice cave
 12003 | IceCv    | Noticed a white ugly thing
 12024 | IceCv    | Killed a white ugly thing
 12024 | IceCv    | Received a gift from Okawaru
 12322 | IceCv    | Got a crude shortbow
 12330 | IceCv    | Noticed a white ugly thing
 12336 | IceCv    | Killed a white ugly thing
 12336 | IceCv    | Reached XP level 12. HP: 108/113 MP: 11/11
 12344 | IceCv    | Reached ****** piety under Okawaru
 12866 | D:11     | Received a gift from Okawaru
 12970 | D:11     | You fall through a shaft!
 13069 | D:12     | Received a gift from Okawaru
 13437 | D:12     | Noticed a death knight
 14118 | D:12     | Got a bloodstained scale mail
 14129 | D:12     | Identified the +4 scale mail of the Illusory Lives {rC+ Dex+5} (You found it on level 12 of the Dungeon)
 14210 | D:12     | Killed a death knight
 14661 | Lair:1   | Entered Level 1 of the Lair of Beasts
 14672 | Lair:1   | Identified the +6 shortbow "Zuuvvety" {venom, Int+4} (You found it in an ice cave)
 14906 | Lair:1   | Noticed Harold
 14912 | Lair:1   | Killed Harold
 15573 | Lair:2   | Reached XP level 13. HP: 91/125 MP: 12/12
 15577 | Lair:2   | Received a gift from Okawaru
 15586 | Lair:2   | Got a translucent glaive {god gift}
 15966 | Lair:2   | Found a staircase to the Shoals.
 16169 | Lair:2   | Got a smoking cloak
 16180 | Lair:2   | Identified the +1 cloak "Fommu" {rPois Regen+} (You found it on level 2 of the Lair of Beasts)
 16456 | Lair:3   | Noticed Spawnferkel's ghost (journeyman MiGl)
 16468 | Lair:3   | Killed Spawnferkel's ghost
 16620 | Lair:3   | Reached skill level 15 in Fighting
 17055 | Lair:3   | Found a staircase to the Snake Pit.
 17146 | Lair:3   | Reached skill level 15 in Armour
 17306 | Lair:4   | Noticed Josephine
 17311 | Lair:4   | Killed Josephine
 17311 | Lair:4   | Received a gift from Okawaru
 18144 | Lair:5   | Found a dark tunnel.
 18158 | Volcano  | Entered a volcano
 18396 | Volcano  | Found a radiant altar of Vehumet.
 18473 | Volcano  | Identified a +1 pair of boots of running (You found it in a volcano)
 18591 | Lair:5   | Found a staircase to the Slime Pits.
 18803 | Lair:5   | Reached XP level 14. HP: 130/137 MP: 13/13
 19025 | Lair:5   | Received a gift from Okawaru
 19337 | Lair:6   | Entered Level 6 of the Lair of Beasts
 19491 | Lair:6   | Reached skill level 10 in Dodging
 19638 | Lair:6   | Found a burning altar of Makhleb.
 19643 | Lair:6   | Found a gateway to Hell.
 19652 | Lair:6   | Got a faintly glowing buckler
 20511 | Lair:1   | Identified the +2 buckler of Ceysuac {*Slow +Inv rF+} (You found it on level 6 of the Lair of Beasts)
 20630 | D:13     | Noticed Urug
 20633 | D:13     | Killed Urug
 20728 | D:13     | Found Iday's Distillery.
 20751 | D:13     | Received a gift from Okawaru
 20760 | D:13     | Bought a potion of curing for 36 gold pieces
 20760 | D:13     | Bought a potion of mutation for 30 gold pieces
 20760 | D:13     | Bought a potion of heal wounds for 60 gold pieces
 20777 | D:13     | Found Nucezav's Gadget Boutique.
 20879 | D:13     | Noticed Azrael
 20888 | D:13     | Killed Azrael
 20904 | D:13     | Found Zeemen's Antique Armour Emporium.
 21417 | D:14     | Found a gate to the Vaults.
 21426 | D:14     | Found a labyrinth entrance.
 21437 | Lab      | Entered a labyrinth
 21907 | Lab      | Reached XP level 15. HP: 148/148 MP: 14/14
 21909 | Lab      | Got a slimy plate armour
 21916 | Lab      | Identified Fiuwaufa's Disquisition on the Mountains
 21919 | Lab      | Identified the Almanac of the Lonely Suns
 21923 | Lab      | Got a pair of jewelled boots
 22537 | D:14     | Got a fine ring mail
 22580 | D:14     | Noticed Rupert
 22593 | D:14     | Killed Rupert
 22957 | D:15     | Entered Level 15 of the Dungeon
 23172 | D:15     | Received a gift from Okawaru
 23174 | D:15     | Noticed a frost giant
 23175 | D:15     | Found a staircase to the Depths.
 23177 | D:15     | Killed a frost giant
 23214 | D:15     | Identified the +1 pair of boots "Poiritir" {rCorr} (You found it in a labyrinth)
 23234 | D:15     | Identified the cursed +0 ring mail "Kaorit" {rPois} (You found it on level 14 of the Dungeon)
 23245 | D:15     | Identified the cursed +1 plate armour "Vodej" {*Slow MR+ Int+9 Stlth-} (You took it off a minotaur in a labyrinth)
 23519 | D:15     | Found Janef's Distillery.
 23527 | D:15     | Bought a potion of haste for 130 gold pieces
 23527 | D:15     | Bought 2 potions of curing for 78 gold pieces
 23527 | D:15     | Bought a potion of curing for 39 gold pieces
 23527 | D:15     | Bought 2 potions of heal wounds for 130 gold pieces
 23886 | Lair:1   | Learned a level 2 spell: Passwall
 23899 | Lair:1   | Gained mutation: Your mind is acute. (Int +2) [potion of beneficial mutation]
 24013 | Orc:1    | Entered Level 1 of the Orcish Mines
 24082 | Orc:1    | Found a roughly hewn altar of Beogh.
 24267 | Orc:1    | Found a burning altar of Makhleb.
 24531 | Orc:2    | Entered Level 2 of the Orcish Mines
 24531 | Orc:2    | Found Yrurat's General Store.
 24531 | Orc:2    | Found Osow's Magic Scroll Shoppe.
 24552 | Orc:2    | Found a staircase to the Elven Halls.
 24831 | Orc:2    | Found Vohuw's Magic Scroll Shoppe.
 25003 | Orc:2    | Found Siwav's Magic Scroll Boutique.
 25109 | Orc:2    | Reached skill level 1 in Earth Magic
 25205 | Orc:2    | Found a roughly hewn altar of Beogh.
 25455 | Orc:2    | Found Ochoiket's Food Emporium.
 25527 | Orc:2    | Found Kewyleimn's Magic Scroll Shop.
 25530 | Orc:2    | Found Caqak's Gadget Boutique.
 25531 | Orc:2    | Found Gaxkamy's Magic Scroll Shop.
 25532 | Orc:2    | Found Meogito's Antique Armour Shop.
 25538 | Orc:2    | Bought a glowing hat for 330 gold pieces
 25836 | Snake:1  | Entered Level 1 of the Snake Pit
 25836 | Snake:1  | Noticed Aizul
 25845 | Snake:1  | Killed Aizul
 26077 | Snake:1  | Received a gift from Okawaru
 26080 | Snake:1  | Got a heavily runed hat {god gift}
 26106 | Snake:1  | Identified the +0 hat of Midwinter {+Blink rN+} (Okawaru gifted it to you on level 1 of the Snake Pit)
 26259 | Snake:1  | Reached XP level 16. HP: 160/160 MP: 15/15
 27047 | Snake:2  | Noticed Agnes
 27055 | Snake:2  | Killed Agnes
 27385 | Snake:2  | Received a gift from Okawaru
 27391 | Snake:2  | Got a jewelled cloak {god gift}
 27402 | Snake:2  | Identified the +1 cloak of Conscience {Str+2 SInv Stlth-} (Okawaru gifted it to you on level 2 of the Snake Pit)
 27596 | Snake:2  | Noticed Vashnia
 27596 | Snake:2  | Found a hide-covered altar of Uskayaw.
 28392 | Snake:2  | Killed Vashnia
 28988 | Snake:3  | Noticed Donald
 28993 | Snake:3  | Killed Donald
 29203 | Snake:3  | Received a gift from Okawaru
 29343 | Snake:3  | Reached XP level 17. HP: 170/170 MP: 16/16
 30162 | Snake:3  | Reached skill level 5 in Earth Magic
 30199 | Snake:4  | Entered Level 4 of the Snake Pit
 30928 | Snake:4  | Received a gift from Okawaru
 31325 | Snake:4  | Got a serpentine rune of Zot
 32120 | Shoals:1 | Entered Level 1 of the Shoals
 32167 | Shoals:1 | Reached XP level 18. HP: 159/182 MP: 17/17
 32315 | Shoals:1 | Received a gift from Okawaru
 33044 | Shoals:2 | Got a steaming jade ring
 33103 | Shoals:2 | Noticed Nikola
 33126 | Shoals:2 | Killed Nikola
 33526 | Shoals:2 | Found Hinn's Weapon Boutique.
 33538 | Shoals:2 | Got a bloodstained ring mail
 33925 | Shoals:3 | Received a gift from Okawaru
 34485 | Shoals:4 | Entered Level 4 of the Shoals
 35490 | Shoals:4 | Noticed Ilsuiw
 35545 | Shoals:4 | Received a gift from Okawaru
 35922 | Shoals:4 | Killed Ilsuiw
 36391 | Shoals:4 | Got a barnacled rune of Zot
 36552 | Shoals:4 | Reached XP level 19. HP: 169/193 MP: 18/18
 37513 | Lair:1   | Identified the +6 ring mail of the Apprentice {rC+ Dex+4 Stlth+} (You found it on level 2 of the Shoals)
 37535 | Lair:1   | Identified the ring "Poiry" {MP+9 Dex+3} (You found it on level 2 of the Shoals)
 37537 | Lair:1   | Identified a scroll of acquirement
 37679 | Elf:1    | Entered Level 1 of the Elven Halls
 37734 | Elf:1    | Cast into level 2 of the Abyss (a deep elf demonologist)
 37781 | Elf:1    | Escaped the Abyss
 38016 | Elf:1    | Identified the Volume of Creative Arcane Weapons
 38200 | Elf:1    | Noticed Roxanne
 38210 | Elf:1    | Killed Roxanne
 38211 | Elf:1    | Identified Roxanne's Disquisition on Shape Shifting (You took it off Roxanne on level 1 of the Elven Halls)
 38256 | Elf:1    | You fall through a shaft!
 38264 | Elf:2    | Received a gift from Okawaru
 38411 | Elf:2    | Found a runed gate.
 38411 | Elf:2    | Found a runed gate.
 38411 | Elf:2    | Found a runed gate.
 38458 | Elf:2    | Received a gift from Okawaru
 38495 | Elf:2    | Reached skill level 15 in Dodging
 38709 | Elf:2    | Got a pair of smoking boots
 39097 | Elf:2    | Received a gift from Okawaru
 39648 | Elf:2    | Identified a +0 rod of inaccuracy (11/11) (You found it on level 2 of the Elven Halls)
 39661 | Elf:2    | Identified the cursed +0 pair of boots of the Doldrums {rC+ Slay+3 Stlth+} (You found it on level 2 of the Elven Halls)
 40286 | Elf:3    | Entered Level 3 of the Elven Halls
 40343 | Elf:3    | Received a gift from Okawaru
 40346 | Elf:3    | Got a slimy scale mail {god gift}
 40362 | Elf:2    | Identified the +3 scale mail of the Thinker {MP+9} (Okawaru gifted it to you on level 3 of the Elven Halls)
 40546 | Elf:3    | Cast into level 2 of the Abyss (a deep elf demonologist)
 40645 | Abyss:2  | Reached XP level 20. HP: 154/204 MP: 19/19
 40738 | Abyss:2  | Found a corrupted altar of Lugonu.
 40794 | Elf:3    | Escaped the Abyss
 40866 | Elf:3    | Found Manah's Jewellery Boutique.
 40873 | Elf:3    | Bought the ring "Zumeukk" {+Blink rElec Int-5 Dex+3} for 471 gold pieces
 41464 | Elf:3    | Received a gift from Okawaru
 41724 | Elf:3    | Got a shimmering quarterstaff
 41806 | Elf:3    | Identified the Catalogue of Fiery Transmutation
 41837 | Elf:3    | Got a shimmering bone ring
 42140 | Lair:1   | Identified the +8 quarterstaff of Putrescence {drain, rPois} (You found it on level 3 of the Elven Halls)
 42142 | Lair:1   | Identified the ring "Hieloos" {+Fly rElec rF+} (You found it on level 3 of the Elven Halls)
 42510 | Elf:3    | Got a jewelled hand axe
 42516 | Elf:3    | Identified Sif Muna's Incunabulum of Shifting Confrontation
 42569 | Elf:3    | Identified the +11 hand axe of Winter {chop, Str+3} (You found it on level 3 of the Elven Halls)
 42571 | Elf:3    | Identified a +2 rod of shadows (9/9) (You found it on level 3 of the Elven Halls)
 42840 | D:10     | You paid a toll of +3 storm dragon scales to enter a treasure trove
 42841 | Trove    | Entered a treasure trove
 42868 | Trove    | Got a faintly glowing leather armour
 42894 | Trove    | Got a bound amethyst amulet
 42896 | Trove    | Got a brightly glowing brass amulet
 42942 | D:10     | Identified the +2 leather armour of the Wary Planets {rF+ rC+} (You found it in a treasure trove)
 42952 | D:10     | Identified the amulet of Tempters {Inacc +Inv rC++ Int-4 Dex+3} (You found it in a treasure trove)
 42953 | D:10     | Identified the amulet "Pinur" {Spirit rElec rPois rN+ Stlth+} (You found it in a treasure trove)
 43135 | Orc:2    | Bought a scroll of identify for 24 gold pieces
 43135 | Orc:2    | Bought a scroll of enchant armour for 90 gold pieces
 43135 | Orc:2    | Bought a scroll of enchant armour for 90 gold pieces
 43135 | Orc:2    | Bought a scroll of identify for 24 gold pieces
 43135 | Orc:2    | Bought a scroll of enchant armour for 90 gold pieces
 43135 | Orc:2    | Bought a scroll of identify for 24 gold pieces
 43135 | Orc:2    | Bought a scroll of acquirement for 624 gold pieces
 43135 | Orc:2    | Bought a scroll of teleportation for 36 gold pieces
 43135 | Orc:2    | Bought a scroll of teleportation for 36 gold pieces
 43139 | Orc:2    | Bought a scroll of recharging for 123 gold pieces
 43139 | Orc:2    | Bought a scroll of silence for 97 gold pieces
 43139 | Orc:2    | Bought a scroll of remove curse for 39 gold pieces
 43139 | Orc:2    | Bought a scroll of identify for 26 gold pieces
 43139 | Orc:2    | Bought a scroll of teleportation for 39 gold pieces
 43139 | Orc:2    | Bought a scroll of recharging for 123 gold pieces
 43139 | Orc:2    | Bought a scroll of remove curse for 39 gold pieces
 43139 | Orc:2    | Bought a scroll of identify for 26 gold pieces
 43206 | Orc:2    | Bought a scroll of recharging for 142 gold pieces
 43206 | Orc:2    | Bought a scroll of acquirement for 780 gold pieces
 43206 | Orc:2    | Bought a scroll of identify for 30 gold pieces
 43206 | Orc:2    | Bought a potion of heal wounds for 75 gold pieces
 43459 | Vaults:1 | Entered Level 1 of the Vaults
 43850 | Vaults:1 | Found an iron altar of Okawaru.
 43903 | Vaults:1 | Found Doili's Antique Armour Shop.
 44090 | Vaults:1 | Received a gift from Okawaru
 44351 | Vaults:1 | Reached XP level 21. HP: 212/215 MP: 20/20
 45382 | Vaults:2 | Reached skill level 10 in Earth Magic
 45502 | Vaults:2 | Received a gift from Okawaru
 45760 | Vaults:2 | Found Etewn's Distillery.
 45767 | Vaults:2 | Bought a potion of curing for 45 gold pieces
 45767 | Vaults:2 | Bought a potion of curing for 45 gold pieces
 45767 | Vaults:2 | Bought a potion of haste for 150 gold pieces
 46106 | Vaults:2 | Found a staircase to the Crypt.
 46378 | Vaults:2 | Received a gift from Okawaru
 46742 | Vaults:3 | Noticed Jorgrun
 46743 | Vaults:3 | Noticed Asterion
 46752 | Vaults:3 | Killed Asterion
 46759 | Vaults:3 | Killed Jorgrun
 47587 | Vaults:3 | Reached XP level 22. HP: 208/226 MP: 21/21
 47632 | Vaults:3 | Noticed Xtahua
 47638 | Vaults:3 | Killed Xtahua
 47638 | Vaults:3 | Received a gift from Okawaru
 47739 | Vaults:3 | Got a crude plate armour {god gift}
 47750 | Vaults:3 | Identified the +1 plate armour of Qeamax {Str+2 Dex+3} (Okawaru gifted it to you on level 3 of the Vaults)
 47871 | Vaults:3 | Noticed Kiel97's ghost (adept MiMo)
 47894 | Vaults:3 | Killed Kiel97's ghost
 48670 | Vaults:4 | Noticed Jory
 48704 | Vaults:4 | Killed Jory
 49829 | Depths:1 | Entered Level 1 of the Depths
 49847 | Depths:1 | Found a one-way gate to the infinite horrors of the Abyss.
 49909 | Depths:1 | Noticed a golden dragon
 49924 | Depths:1 | Killed a golden dragon
 50127 | Depths:1 | Received a gift from Okawaru
 50596 | Depths:1 | Found a one-way gate leading to the halls of Pandemonium.
 50765 | Depths:1 | Got an ancient pewter ring
 50766 | Depths:1 | Identified the cursed ring "Racsiom" {AC-3 Slay+3} (You found it on level 1 of the Depths)
 51088 | Depths:2 | Received a gift from Okawaru
 51178 | Depths:2 | Found a magical portal.
 51206 | WizLab   | Entered The Chambers of the Cloud Mage
 51698 | WizLab   | Identified the Reference Book on Lightness
 51716 | WizLab   | Identified the Handbook of Weightlessness
 52640 | Depths:2 | Noticed Faustar's ghost (veteran FoAK)
 52663 | Depths:2 | Killed Faustar's ghost
 52665 | Depths:2 | Reached XP level 23. HP: 183/238 MP: 22/22
 53657 | Depths:3 | Received a gift from Okawaru
 54323 | Depths:3 | Reached skill level 27 in Fighting
 54440 | Depths:3 | Reached skill level 27 in Armour
 54715 | Depths:3 | Identified Lom Lobon's Reference Book on the Traveller
 55324 | Depths:4 | Cast into level 2 of the Abyss (a deep elf demonologist)
 55325 | Abyss:2  | Found a corrupted altar of Lugonu.
 55328 | Abyss:2  | Found a corrupted altar of Lugonu.
 55436 | Abyss:2  | Received a gift from Okawaru
 55439 | Abyss:2  | Got a pitted buckler {god gift}
 55508 | Abyss:2  | Found a corrupted altar of Lugonu.
 55724 | Abyss:4  | Paralysed by accursed screaming for 1 turns
 55739 | Abyss:4  | Paralysed by accursed screaming for 2 turns
 55750 | Abyss:4  | Paralysed by accursed screaming for 1 turns
 55759 | Abyss:4  | Reached XP level 24. HP: 59/249 MP: 22/22
 55780 | Abyss:4  | HP: 7/249 [starcursed mass/accursed screaming (9)]
 55921 | Abyss:4  | Paralysed by accursed screaming for 2 turns
 55935 | Abyss:4  | Paralysed by accursed screaming for 2 turns
 55936 | Abyss:4  | HP: 5/249 [starcursed mass/accursed screaming (25)]
 55937 | Abyss:4  | Killed from afar by a starcursed mass

Inventory:

Hand Weapons
 a - a +5 lajatang of flaming (weapon)
 b - a +3 lajatang of electrocution
Armour
 e - a +2 pair of gloves of dexterity (worn)
 s - the +0 hat of Midwinter (worn) {+Blink rN+}
   (Okawaru gifted it to you on level 1 of the Snake Pit)

   It protects you from negative energy.
   It lets you blink.
 w - the +1 cloak of Conscience {Str+2 SInv Stlth-}
   (Okawaru gifted it to you on level 2 of the Snake Pit)

   It affects your strength (+2).
   It lets you see invisible.
   It makes you less stealthy.
 G - the +1 cloak "Fommu" (worn) {rPois Regen+}
   (You found it on level 2 of the Lair of Beasts)

   It protects you from poison.
   It increases your rate of regeneration.
 K - the +5 buckler of Nun Ebeu {MR++ Dex+4, unknown}
   (Okawaru gifted it to you on level 2 of the Abyss)

   It affects your dexterity (+4).
   It affects your resistance to hostile enchantments.
 L - the cursed +0 pair of boots of the Doldrums (worn) {rC+ Slay+3 Stlth+}
   (You found it on level 2 of the Elven Halls)

   It affects your accuracy and damage with ranged weapons and melee attacks
   (+3).
   It protects you from cold.
   It makes you more stealthy.
   It has a curse placed upon it.
 X - +12 gold dragon scales (worn)
Jewellery
 c - an uncursed ring of positive energy
 m - a +4 ring of strength (left hand)
 r - a +3 ring of strength
 O - the amulet "Keliet" (around neck) {Harm *Drain Int+4 Dex+4 Slay+5 Stlth-}
   (You found it on level 9 of the Dungeon)

   [amulet of harm]

   It increases damage dealt and taken.
   It affects your intelligence (+4).
   It affects your dexterity (+4).
   It affects your accuracy and damage with ranged weapons and melee attacks
   (+5).
   It causes draining when unequipped.
   It makes you less stealthy.
 P - the ring "Zumeukk" (right hand) {+Blink rElec Int-5 Dex+3}
   (You bought it in a shop on level 3 of the Elven Halls)

   [ring of dexterity]

   It affects your intelligence (-5).
   It affects your dexterity (+3).
   It insulates you from electricity.
   It lets you blink.
 S - an uncursed ring of protection from magic
 Z - the ring "Hieloos" {+Fly rElec rF+}
   (You found it on level 3 of the Elven Halls)

   [ring of flight]

   It protects you from fire.
   It insulates you from electricity.
   It lets you fly.
Wands
 o - a wand of teleportation (9/9)
 A - a wand of disintegration (5/24)
Scrolls
 i - 37 scrolls of identify
 k - 18 scrolls of remove curse
 l - 19 scrolls of teleportation
 n - 3 scrolls of amnesia
 t - a scroll of silence
 y - a scroll of brand weapon
 B - 6 scrolls of magic mapping
 N - 7 scrolls of fog
 Q - 3 scrolls of summoning
 R - 7 scrolls of fear
Potions
 f - a potion of cancellation
 j - 4 potions of resistance
 p - a potion of invisibility
 z - 7 potions of haste
 C - 23 potions of curing
 D - 3 potions of flight
 E - 4 potions of berserk rage
 F - 4 potions of agility
 J - 6 potions of might
Books
 g - a book of Air

   Spells                             Type                      Level
   a - Shock                          Conjuration/Air              1
   b - Swiftness                      Charms/Air                   2
   c - Repel Missiles                 Charms/Air                   2
   d - Static Discharge               Conjuration/Air              3
   e - Lightning Bolt                 Conjuration/Air              5
 u - Lom Lobon's Reference Book on the Traveller
   (You found it on level 3 of the Depths)

   Spells                             Type                      Level
   a - Shroud of Golubria             Charms/Translocation         2
   b - Force Lance                    Conjuration/Translocation    4
   c - Dispersal                      Translocation                6
   d - Controlled Blink               Translocation                8
 I - a book of Unlife

   Spells                             Type                      Level
   a - Recall                         Summoning/Translocation      3
   b - Animate Dead                   Necromancy                   4
   c - Control Undead                 Necromancy                   4
   d - Cigotuvi's Embrace             Necromancy                   5
   e - Death Channel                  Necromancy                   6
   f - Simulacrum                     Ice/Necromancy               6
Miscellaneous
 x - a phantom mirror
 V - a phial of floods (inert)
Comestibles
 d - 2 slices of pizza
 q - 51 fruits
 v - 3 meat rations
 T - 3 beef jerkies
 W - a bread ration

Table legend:
 A = Turns spent in this place as a percentage of turns spent in the entire game.
 B = Non-inter-level travel turns spent in this place as a percentage of non-inter-level travel turns spent in the entire game.
 C = Inter-level travel turns spent in this place as a percentage of turns spent in this place.
 D = Turns resting spent in this place as a percentage of non-inter-level travel turns spent in this place.
 E = Turns spent auto-exploring this place as a percentage of non-inter-level travel turns spent in this place.
 F = Non-inter-level travel turns spent in this place divided by the number of levels of this place that you've seen.
                   A       B       C       D       E      F
               +-------+-------+-------+-------+-------+----------------------
         Total | 100.0 | 100.0 |   1.0 |   3.4 |  10.6 | 283.9
       Dungeon |  24.3 |  24.2 |   1.5 |   3.7 |  11.2 | 246.9
        Temple |   0.1 |   0.1 |   0.0 |   0.0 |   0.0 |  14.0
          Lair |  11.6 |  11.5 |   1.9 |   2.1 |   8.7 | 293.5
        Shoals |  10.0 |  10.0 |   0.7 |   5.8 |   8.5 | 384.8
     Snake Pit |   9.2 |   9.2 |   0.9 |   6.0 |  12.7 | 353.8
  Orcish Mines |   3.4 |   3.3 |   2.3 |   1.0 |  16.6 | 255.5
   Elven Halls |   9.8 |   9.8 |   0.9 |   2.1 |  10.7 | 503.3
        Vaults |  10.5 |  10.6 |   0.7 |   3.3 |  15.2 | 405.8
        Depths |   9.5 |   9.6 |   0.5 |   2.6 |  11.6 | 367.0
         Abyss |   2.9 |   2.9 |   0.0 |   5.4 |   7.4 |  89.6
     Labyrinth |   3.4 |   3.4 |   0.0 |   0.0 |   0.0 | 521.0
         Trove |   0.3 |   0.3 |   0.0 |   0.0 |  15.0 |  40.0
       Ossuary |   0.9 |   0.9 |   0.0 |   1.4 |   8.7 | 138.0
      Ice Cave |   0.6 |   0.6 |   0.0 |   9.2 |   2.0 |  98.0
       Volcano |   1.9 |   1.9 |   0.0 |   1.0 |   4.1 | 292.0
        Wizlab |   1.6 |   1.6 |   0.0 |   4.8 |   5.6 | 249.0
               +-------+-------+-------+-------+-------+----------------------


   Skills:
 O Level 27 Fighting
 - Level 14.2 Staves
 - Level 2.0 Throwing
 O Level 27 Armour
 + Level 19.1 Dodging
 + Level 13.1 Earth Magic


You had 21 spell levels left.
You knew the following spells:

 Your Spells              Type           Power        Failure   Level  Hunger
a - Passwall              Tmut/Erth      #.........   24%         2    ###....


Dungeon Overview and Level Annotations

Branches:
Dungeon (15/15)            Temple (1/1) D:4            Lair (6/6) D:10
 Shoals (4/4) Lair:2        Snake (4/4) Lair:3        Slime (0/5) Lair:5
    Orc (2/2) D:9             Elf (3/3) Orc:2        Vaults (4/5) D:14
  Crypt (0/3) Vaults:2     Depths (4/5) D:15

Altars:
Dithmenos
Elyvilon
Fedhas
Makhleb
Nemelex Xobeh
Okawaru
Qazlal
Sif Muna
Uskayaw
Yredelemnul
Beogh

Shops:
D:10 :   D:11 (   D:13 ![}   D:15 !   Orc:2 %*?????}[   Elf:3 =   Shoals:2 (
Vaults:1 [   Vaults:2 !

Portals:
Hell: Lair:6 Depths:1 Depths:2 Depths:3 Depths:4
Abyss: Depths:1 Depths:4
Pandemonium: Depths:1 Depths:3


Innate Abilities, Weirdness & Mutations

You reflexively headbutt those who attack you in melee.
You have a pair of horns on your head.
Your mind is acute. (Int +2)


Message History

The bolt of fire hits you!
A starcursed mass splits.
You hit the starcursed mass but do no damage.
You headbutt the starcursed mass!
You destroy the starcursed mass!
Okawaru accepts your kill.
The starcursed mass engulfs you but does no damage.
A starcursed mass splits.
A cacophony of accursed wailing tears at your sanity!
* * * LOW HITPOINT WARNING * * *
You suddenly lose the ability to move!
The starcursed mass engulfs you but does no damage. x3
A cacophony of accursed wailing tears at your sanity!
* * * LOW HITPOINT WARNING * * *
The large abomination hits you but does no damage.
The starcursed mass barely misses you.
The starcursed mass engulfs you but does no damage.
The large abomination hits you but does no damage.
The starcursed mass engulfs you but does no damage.
A cacophony of accursed wailing tears at your sanity!
You die...

.. .####§######
#..#.#§#.#.### # .
#...#.R.....# [[ #.
#.......##[)(
.##...#...X..'?)(?
...∩.....XXX.'(?(φ
#
......#.X.@X.'$φ[[{
#. #....XXXX.##)/)
.#....#5.XX...## [
#..#..†#.#.#######
##..##.######.....
#.. ....# ... ..
...###.#.#X# #
.#).... ###.# . #.
..# .#


You could see 11 starcursed masses, a large abomination, an efreet and a white
imp.

Table legend:
 A = Kills in this place as a percentage of kills in entire the game.
 B = Kills by you in this place as a percentage of kills by you in the entire game.
 C = Kills by friends in this place as a percentage of kills by friends in the entire game.
 D = Other kills in this place as a percentage of other kills in the entire game.
 E = Experience gained in this place as a percentage of experience gained in the entire game.
 F = Experience gained in this place divided by the number of levels of this place that you have seen.
                   A       B       C       D       E      F
               +-------+-------+-------+-------+-------+----------------------
         Total | 100.0 | 100.0 |  -nan | 100.0 | 100.0 | 18658.9
       Dungeon |  22.2 |  22.2 |  -nan |   0.0 |   6.6 | 4399.8
          Lair |   8.4 |   8.4 |  -nan |   0.0 |   5.1 | 8628.5
        Shoals |   7.5 |   7.5 |  -nan |   0.0 |  10.2 | 25726.8
     Snake Pit |  10.9 |  10.9 |  -nan |   0.0 |  13.8 | 34656.0
  Orcish Mines |   5.9 |   5.9 |  -nan |   0.0 |   1.6 | 8237.0
   Elven Halls |   8.7 |   8.7 |  -nan |   0.0 |  15.2 | 51137.0
        Vaults |  15.7 |  15.8 |  -nan |   0.0 |  21.0 | 52866.2
        Depths |  10.2 |  10.1 |  -nan |  50.0 |  19.3 | 48690.5
         Abyss |   4.7 |   4.7 |  -nan |  50.0 |   4.6 | 9284.8
     Labyrinth |   0.3 |   0.3 |  -nan |   0.0 |   0.3 | 3332.0
       Ossuary |   1.8 |   1.8 |  -nan |   0.0 |   0.0 | 336.0
      Ice Cave |   0.5 |   0.5 |  -nan |   0.0 |   0.3 | 2710.0
       Volcano |   1.2 |   1.2 |  -nan |   0.0 |   0.5 | 4984.0
        Wizlab |   2.0 |   2.0 |  -nan |   0.0 |   1.4 | 14385.0
               +-------+-------+-------+-------+-------+----------------------

Vanquished Creatures
  Vashnia (Snake:2)
  Xtahua (Vaults:3)
  The ghost of Faustar the Formicid Blade, a veteran FoAK of Lugonu (Depths:2)
  Nikola (Shoals:2)
  Jory (Vaults:4)
  2 golden dragons
  The ghost of Kiel97 the Impregnable, an adept MiMo of Okawaru (Vaults:3)
  2 tentacled monstrosities (Depths:3)
  A Cloud Mage (WizLab)
  Rupert (D:14)
  Jorgrun (Vaults:3)
  4 deep elf blademasters (Elf:3)
  2 titans
  Asterion (Vaults:3)
  3 liches
  3 deep elf master archers (Elf:3)
  A sphinx (Vaults:4)
  2 tentacled starspawn
  Agnes (Snake:2)
  An ancient champion (Vaults:2)
  A storm dragon (Depths:4)
  6 krakens
  A shadow dragon (Depths:4)
  11 nagarajas
  Roxanne (Elf:1)
  Donald (Snake:3)
  A daeva (Depths:2)
  Ilsuiw (Shoals:4)
  3 fire giants
  3 frost giants
  A cacodemon (Depths:3)
  7 deep elf sorcerers
  A balrug (Depths:1)
  Aizul (Snake:1)
  9 vault wardens
  An angel (Depths:2)
  A draconian zealot (Abyss:2)
  2 spriggan defenders
  4 deep elf elementalists
  2 entropy weavers
  A war gargoyle (D:14)
  15 stone giants
  A reaper (Abyss:2)
  12 ironheart preservers
  11 very ugly things
  A lorocyproca (Abyss:4)
  6 deep elf annihilators (Elf:3)
  4 vampire knights
  Azrael (D:13)
  5 deep elf demonologists
  The ghost of Spawnferkel the Stickfighter, a journeyman MiGl of Okawaru (Lair:3)
  2 spark wasps
  2 crystal guardians (Abyss:4)
  5 merfolk javelineers (Shoals:4)
  8 deep elf death magi
  14 ettins
  8 merfolk impalers
  A dire elephant (Lair:6)
  A minotaur (Lab)
  Josephine (Lair:4)
  6 great orbs of eyes
  5 fire dragons
  3 jiangshi (Depths:1)
  12 yaktaur captains
  3 deep elf high priests
  A great orb of eyes (shapeshifter) (Abyss:4)
  Fannar (D:11)
  4 spriggan air magi
  5 vault guards
  A hell beast (Lair:6)
  6 rakshasas
  Harold (Lair:1)
  5 hydras
  A monstrous demonspawn (Depths:1)
  4 merfolk avatars
  15 ice dragons
  2 death knights
  18 naga warriors
  13 centaur warriors
  A catoblepas (D:15)
  11 ogre magi
  A satyr (Shoals:4)
  11 anacondas
  6 merfolk aquamancers
  3 alligator snapping turtles
  9 deep troll shamans
  30 dancing weapons
  A shock serpent (shapeshifter) (Depths:3)
  8 deep troll earth magi
  6 orc high priests
  A hell hog (Abyss:2)
  2 vampire magi
  7 shock serpents
  Urug (D:13)
  A spriggan berserker (Depths:3)
  12 naga sharpshooters
  8 thrashing horrors
  25 deep elf knights
  4 sun demons
  A hell knight (Depths:3)
  8 skeletal warriors (Vaults:1)
  3 wretched stars
  A salamander mystic (Snake:2)
  2 iron trolls (Depths:2)
  2 spatial maelstroms (Abyss:4)
  A fire crab (Volcano)
  A shadow wraith (Vaults:1)
  25 deep trolls
  7 unseen horrors
  18 sea snakes
  A shadow demon (Depths:1)
  11 naga ritualists
  3 glowing orange brains
  6 hill giants
  19 deep elf archers
  5 wizards
  A lindwurm (Volcano)
  15 harpies
  5 large abominations
  2 necromancers
  15 orc knights
  2 phantasmal warriors
  A harpy (shapeshifter) (Vaults:2)
  14 mana vipers
  12 ironbrand convokers
  9 manticores
  48 ugly things
  A mana viper (shapeshifter) (Depths:3)
  2 orc sorcerers (Elf:2)
  7 wolf spiders
  74 deep elf magi
  A fire giant zombie (Vaults:4)
  10 cyclopes
  44 black mambas
  13 fauns
  6 water nymphs
  11 sirens
  8 elephants (Lair:6)
  10 salamanders
  6 guardian serpents
  19 naga magi
  2 guardian serpents (shapeshifter)
  10 vault sentinels
  14 spiny frogs
  2 ice statues (IceCv)
  A molten gargoyle (Volcano)
  3 smoke demons
  A water nymph (shapeshifter) (Depths:4)
  4 orange demons
  11 gargoyles
  A torpor snail (Lair:3)
  4 rime drakes
  A yaktaur (shapeshifter) (Elf:2)
  2 kobold demonologists
  An efreet (D:14)
  3 ice devils (Lair:6)
  2 tengu conjurers
  12 freezing wraiths
  6 komodo dragons
  32 yaktaurs
  30 starcursed masses (Abyss:4)
  A hellwing (Lair:6)
  11 trolls
  A queen bee (D:9)
  3 ancient zymes
  22 merfolk
  3 meliai (D:12)
  2 red devils (Lair:6)
  2 meliai (shapeshifter)
  2 queen bees (shapeshifter)
  22 two-headed ogres
  14 wind drakes
  5 hornets
  7 raiju (Abyss:4)
  A blink frog (shapeshifter) (Vaults:2)
  4 dream sheep (Shoals:1)
  A tengu simulacrum (Vaults:4)
  24 blink frogs
  Grinder (D:3)
  A dream sheep (shapeshifter) (Depths:4)
  27 slime creatures
  A frost giant simulacrum (Vaults:2)
  10 hippogriffs
  12 snapping turtles
  20 water elementals
  4 shadows
  4 flying skulls (Abyss:2)
  7 basilisks
  A vampire (D:14)
  9 redbacks
  29 air elementals
  8 wraiths
  A ynoxinul (Abyss:2)
  2 wyverns
  56 yaks
  A spriggan (Lair:3)
  6 fire elementals
  The ghost of Spawnferkel the Twirler, an amateur MiGl (D:3)
  A basilisk (shapeshifter) (Depths:2)
  5 hungry ghosts
  Grum (D:11)
  3 chaos spawn
  12 fire bats (Volcano)
  A golden eye (shapeshifter) (Vaults:4)
  3 steam dragons (Volcano)
  2 neqoxecs
  7 vampire mosquitoes
  Menkaure (D:4)
  8 wargs
  2 swamp worms (shapeshifter)
  Edmund (D:4)
  7 insubstantial wisps (WizLab)
  4 mottled dragons
  A naga (shapeshifter) (D:14)
  67 nagas
  16 water moccasins
  3 porcupines
  3 hell hounds
  13 ice beasts
  An eye of draining (D:13)
  43 orc warriors
  A black bear (Lair:3)
  2 phantoms
  2 sky beasts
  2 black bears (shapeshifter)
  3 necrophages
  20 centaurs
  12 crocodiles
  48 ogres
  10 wolves
  6 boggarts (Depths:2)
  7 small abominations
  12 big kobolds
  2 elf zombies
  13 bullfrogs
  A wyvern zombie (D:6)
  A gnoll sergeant (D:7)
  3 scorpions
  34 killer bees
  2 human simulacra
  6 wights
  An electric eel (Lair:3)
  9 howler monkeys
  7 lava snakes (Volcano)
  3 bullfrog zombies
  7 centaur zombies
  9 crimson imps
  4 quasits
  A human zombie (Ossuary)
  4 bullfrog skeletons
  5 jellies
  28 orc priests
  4 centaur skeletons
  6 hounds
  2 iron imps
  Jessica (D:4)
  Terence (D:3)
  Natasha (twice) (D:3)
  8 iguanas
  11 worker ants
  18 orc wizards
  A big kobold zombie (Ossuary)
  A hound skeleton (D:7)
  A hound zombie (D:7)
  2 mummies (Ossuary)
  2 worker ant zombies
  Robin (D:3)
  12 adders
  15 gnolls
  3 shadow imps
  2 white imps
  An ufetubus (Abyss:2)
  2 adder skeletons (D:4)
  4 adder zombies
  2 worms (D:2)
  4 dart slugs
  3 leopard geckos
  94 orcs
  5 bats
  2 giant cockroaches (D:6)
  14 goblins
  10 hobgoblins
  8 jackals
  18 kobolds
  7 quokkas
  8 ball pythons
  4 frilled lizards
  3 goblin zombies
  10 hobgoblin zombies (Ossuary)
  A jackal skeleton (D:8)
  2 jackal zombies (Ossuary)
  9 kobold zombies (Ossuary)
  A leopard gecko skeleton (D:4)
  A leopard gecko zombie (D:7)
  7 orc zombies (Ossuary)
  6 rats
  A rat zombie (Ossuary)
  2 crawling corpses (Vaults:4)
  A fungus (Lair:4)
  5 plants
  10 tentacles
2169 creatures vanquished.

Vanquished Creatures (others)
  An unseen horror (Abyss:4)
  A red devil (Depths:3)
  2 insubstantial wisps (WizLab)
  2 boggarts (Depths:2)
  8 fungi
  26 plants
  3 starspawn tentacles (Abyss:4)
  35 tentacles
78 creatures vanquished.

Grand Total: 2247 creatures vanquished

Action                   |  1- 3 |  4- 6 |  7- 9 | 10-12 | 13-15 | 16-18 | 19-21 | 22-24 || total
-------------------------+-------+-------+-------+-------+-------+-------+-------+-------++-------
Melee: Quarterstaff      |    71 |    88 |   415 |   559 |    48 |       |       |       ||  1181
       Headbutt          |     4 |    18 |   102 |   161 |   256 |   269 |   301 |   313 ||  1424
       Lajatang          |       |       |       |    16 |   748 |   869 |   999 |   929 ||  3561
 Fire: Blowgun           |       |       |       |     4 |       |       |       |       ||     4
Invok: Heroism           |       |       |       |     1 |     3 |     4 |     2 |     2 ||    12
       Finesse           |       |       |       |       |       |       |       |     1 ||     1
Evoke: Wand              |       |       |       |       |     2 |       |       |       ||     2
       Phial of floods   |       |       |       |       |       |       |       |     1 ||     1
  Use: Potion            |       |       |     2 |     1 |    10 |     7 |     2 |    10 ||    32
       Scroll            |       |       |     8 |    10 |     9 |    13 |    16 |    21 ||    77
  Eat: Chunk             |     1 |     3 |    17 |    23 |    29 |    15 |    28 |    25 ||   141
       Beef jerky        |       |       |       |     2 |       |       |       |       ||     2
       Pizza             |       |       |       |     1 |     1 |     1 |     1 |       ||     4
       Meat ration       |       |       |       |       |       |     3 |       |       ||     3
       Fruit             |       |       |       |       |       |     2 |     2 |     2 ||     6
       Bread ration      |       |       |       |       |       |       |     1 |       ||     1
Armor: Leather armour    |    27 |    30 |    16 |       |       |       |       |       ||    73
       Ring mail         |       |       |   111 |   155 |       |       |       |       ||   266
       Chain mail        |       |       |     4 |    11 |       |       |       |       ||    15
       Scale mail        |       |       |     1 |    19 |   269 |       |       |       ||   289
       Plate armour      |       |       |       |       |    13 |   540 |   336 |   181 ||  1070
       Gold dragon scale |       |       |       |       |       |       |       |   349 ||   349
Dodge: Dodged            |    52 |    50 |   220 |   301 |   664 |   921 |   708 |   945 ||  3861
